Map: Catalyst LE

Players

딸기냠냠

  • Race: Terran Terran
  • League: Master
  • Spawn Location: 11:00

ROBOTOSS - Winner!

  • Race: Protoss Protoss
  • League: Diamond
  • Spawn Location: 5:00

VOD

Have the link to the VOD?

Description

Time

  • Played on: Dec. 27, 2017, 2:22 p.m.
  • Length: 13:43
Show
View Real Time Build Order
Export as new Build Order

딸기냠냠 Terran 

Build Orders: MMM Bio 

Get SALT Encoding   

  12  0:01  SCV  
  13  0:13  SCV  
  14  0:17  Supply Depot  
  14  0:25  SCV  
  15  0:29  Refinery  
  15  0:38  SCV  
  16  0:47  Barracks  
  16  0:51  SCV  
  17  0:58  Refinery  
  17  1:03  SCV  
  18  1:15  SCV  
  19  1:27  SCV  
  20  1:36  Factory, Reaper  
  21  1:55  Orbital Command  
  21  2:18  Barracks Reactor  
  21  2:31  Supply Depot  
  18  3:05  Cyclone  
  21  3:15  Command Center  
  21  3:28  Cyclone  
  23  3:55  Orbital Command  
  23  4:25  Refinery  
  23  4:34  Orbital Command  
  23  4:51  Cyclone  
  27  4:52  SCV  
  27  5:02  Cyclone  
  30  5:08  SCV  
  30  5:11  SCV  
  32  5:20  SCV  
  33  5:24  SCV  
  34  5:30  Barracks Tech Lab, Supply Depot  
  34  5:32  Orbital Command  
  34  5:33  SCV  
  35  5:49  Marine  
  36  5:53  SCV  
  36  5:56  Starport, Barracks  
  37  6:00  SCV  
  38  6:13  SCV  
  38  6:17  SCV  
  40  6:19  Stimpack  
  40  6:20  Marine  
  40  6:25  SCV, Supply Depot  
  42  6:38  Starport Reactor  
  42  6:40  Supply Depot  
  41  6:52  Orbital Command  
  41  6:53  Marine x3  
  43  7:00  Engineering Bay  
  43  7:01  Supply Depot, Engineering Bay  
  41  7:06  SCV  
  42  7:12  Marine x2  
  44  7:25  Marine  
  44  7:29  Marine  
  44  7:30  Medivac x2  
  44  7:31  Marine  
  50  7:42  Marine  
  50  7:47  Marine  
  50  7:49  Marine  
  52  7:57  Terran Infantry Weapons Level 1, Terran Infantry Armor Level 1  
  52  8:00  Marine  
  52  8:02  Supply Depot  
  52  8:05  Marine  
  48  8:06  Marine  
  50  8:18  Marine  
  50  8:19  Combat Shields  
  50  8:23  Marine  
  50  8:24  Marine  
  55  8:36  Marine  
  55  8:41  Marine  
  56  8:42  Marine  
  56  8:47  Medivac  
  56  8:48  Medivac  
  59  8:54  Marine  
  56  8:58  Factory Tech Lab  
  56  8:59  Marine  
  56  9:00  Marine  
  58  9:12  Marine  
  58  9:16  Siege Tank, Marine  
  63  9:18  Marine  
  61  9:29  Marine  
  62  9:34  Marine  
  60  10:03  Marine  
  60  10:04  Viking  
  60  10:05  Viking  
  53  10:16  Marine  
  50  10:21  Marine  
  50  10:22  Marine  
  50  10:34  Viking, Marine  
  50  10:35  Viking  
  54  10:39  Marine x2  
  54  10:42  Orbital Command  
  52  10:52  Marine  
  52  10:57  Marine x2  
  50  11:09  Marine  
  46  11:12  SCV  
  46  11:15  Viking x2, Marine x2  
  52  11:24  SCV  
  50  11:27  Marine  
  48  11:33  Marine x2  
  48  11:36  SCV  
  48  11:38  SCV  
  51  11:45  Viking, Marine  
  53  11:48  SCV  
  53  11:50  SCV  
  51  11:55  Viking  
  51  12:09  Marine x2  
  51  12:10  Marine  
  51  12:25  Viking  
  51  12:27  Marine  
  49  12:34  Marine x2  
  41  12:44  Factory Tech Lab  
  41  12:45  Marine  
  40  12:52  Marine x2  
  40  12:56  Starport Reactor  
  41  13:03  Marine  
  42  13:05  Barracks  
  42  13:07  Barracks  
  42  13:09  Marine  
  42  13:10  Marine  
  42  13:21  Marine  
Show
View Real Time Build Order
Export as new Build Order

ROBOTOSS Protoss - Winner!

Build Orders:  

Get SALT Encoding   

  12  0:01  Probe  
  13  0:13  Probe  
  14  0:22  Pylon  
  14  0:25  Probe  
  15  0:40  Probe (Chrono Boost)  
  16  0:45  Forge  
  16  0:52  Probe (Chrono Boost)  
  17  0:57  Probe (Chrono Boost)  
  17  1:00  Pylon  
  18  1:12  Probe  
  19  1:25  Photon Cannon  
  19  1:29  Pylon  
  19  1:42  Photon Cannon  
  19  1:43  Pylon  
  19  2:02  Photon Cannon  
  19  2:04  Photon Cannon  
  19  2:08  Photon Cannon  
  19  2:22  Pylon  
  18  2:31  Pylon  
  18  2:34  Pylon  
  18  2:49  Photon Cannon  
  18  2:54  Pylon  
  18  2:55  Photon Cannon  
  18  3:03  Assimilator  
  18  3:07  Assimilator  
  18  3:10  Pylon  
  18  3:29  Probe (Chrono Boost)  
  18  3:32  Pylon  
  19  3:44  Gateway  
  19  3:59  Photon Cannon  
  19  4:00  Photon Cannon  
  19  4:09  Pylon  
  19  4:21  Photon Cannon  
  19  4:32  Cybernetics Core  
  19  4:35  Probe (Chrono Boost)  
  20  4:43  Probe (Chrono Boost)  
  21  4:52  Probe (Chrono Boost)  
  22  5:02  Probe (Chrono Boost)  
  23  5:09  Shield Battery  
  23  5:12  Stargate  
  23  5:17  Shield Battery  
  23  5:35  Robotics Facility  
  23  5:52  Shield Battery  
  23  5:58  Void Ray (Chrono Boost)  
  27  6:08  Pylon  
  26  6:23  Warp Gate  
  26  6:25  Immortal  
  30  6:33  Void Ray (Chrono Boost)  
  34  6:55  Fleet Beacon  
  34  7:09  Immortal  
  38  7:56  Tempest (Chrono Boost)  
  44  8:18  Immortal  
  48  8:36  Tempest (Chrono Boost)  
  54  9:15  Tempest  
  60  9:55  Immortal  
  60  10:04  Tempest  
  62  10:49  Observer  
  62  11:28  Observer  
  59  12:23  Tempest  
  47  12:38  Immortal  
Tags
 
Composition
MMM Bio
Matchup
PvT
Spawn Locations
Cross Positions
Add a new tag
Caveats
  • Supply blocks, unpowered buildings, or Contaminate may cause inaccurate times.
  • Supply counts are checked every 10 seconds.